 Dungeon Crawl Stone Soup version 0.28.0-45-g0d030f2227 (webtiles) character file.

Game seed: 16135590618546784331

86 DearestLeader the Shield-Bearer (level 4, -2/41 HPs)
             Began as a Gnoll Fighter on Apr 21, 2022.
             Slain by a gnoll
             ... wielding a +0 halberd
              (7 damage)
             ... on level 1 of the Dungeon.
             The game lasted 00:02:08 (1588 turns).

DearestLeader the Shield-Bearer (Gnoll Fighter)     Turns: 1588, Time: 00:02:08

Health: -2/41      AC:  7    Str: 17    XL:     4   Next: 49%
Magic:  5/5        EV:  9    Int:  7    God:
Gold:   37         SH:  5    Dex: 12    Spells: 5/5 levels left

rFire   . . .      SeeInvis .   a - +0 war axe
rCold   . . .      Faith    .   c - +0 buckler
rNeg    . . .      Spirit   .   b - +0 scale mail
rPois   .          Reflect  .   (no helmet)
rElec   .          Harm     .   (no cloak)
rCorr   .          Rampage  .   (no gloves)
Will    .....                   (no boots)
Stlth   ..........              (no amulet)
HPRegen 0.13/turn               (no ring)
MPRegen 0.09/turn               (no ring)

@: no status effects
A: fangs 1, strong nose, distributed training
a: no special abilities


You were on level 1 of the Dungeon.
You visited 1 branch of the dungeon, and saw 2 of its levels.

You collected 37 gold pieces.

Inventory:

Hand Weapons
 a - a +0 war axe (weapon)
 f - a +2 antimagic dagger
Armour
 b - a +0 scale mail (worn)
 c - a +0 buckler (worn)
Wands
 m - a wand of polymorph (9)
Scrolls
 e - 5 scrolls of identify {unknown}
 g - a scroll of blinking {unknown}
 h - 2 scrolls of amnesia {unknown}
 i - a scroll of teleportation {unknown}
 j - a scroll of magic mapping {unknown}
 k - a scroll of immolation {unknown}
Potions
 d - a potion of might
 l - a potion of degeneration {unknown}


   Skills:
 + Level 6.6 Fighting
 + Level 1.1 Short Blades
 + Level 1.1 Long Blades
 + Level 4.6 Axes
 + Level 1.1 Maces & Flails
 + Level 1.1 Polearms
 + Level 1.1 Staves
 + Level 1.1 Slings
 + Level 1.1 Bows
 + Level 1.1 Crossbows
 + Level 1.1 Throwing
 + Level 6.6 Armour
 + Level 1.1 Dodging
 + Level 1.1 Stealth
 + Level 6.6 Shields
 + Level 1.1 Unarmed Combat
 + Level 1.1 Spellcasting
 + Level 0.9 Conjurations
 + Level 0.9 Hexes
 + Level 0.9 Summonings
 + Level 0.9 Necromancy
 + Level 0.9 Translocations
 + Level 0.9 Transmutations
 + Level 0.9 Fire Magic
 + Level 0.9 Ice Magic
 + Level 0.9 Air Magic
 + Level 0.9 Earth Magic
 + Level 0.9 Poison Magic
 + Level 1.2 Invocations
 + Level 1.1 Evocations


You had 5 spell levels left.
You didn't know any spells.
Your spell library was empty.

Dungeon Overview and Level Annotations

Branches:
Dungeon (2/15)

Altars:


Innate Abilities, Weirdness & Mutations

You have very sharp teeth.
Your uncanny sense of smell can sniff out nearby items.
Your experience applies equally to all skills.


Message History

You hit the endoplasm. The endoplasm misses you.
You slash the gnoll!
You kill the gnoll!
You barely miss the endoplasm. The endoplasm barely misses you.
The endoplasm hits you but does no damage.
You hit the endoplasm but do no damage.
The endoplasm is heavily wounded.
The endoplasm hits you but does no damage.
You slash the endoplasm!
You kill the endoplasm!
There is a stone staircase leading down here.
You start resting.
HP restored.
You climb downwards.
There is a stone staircase leading up here.
The gnoll hits you from afar with a +0 halberd.
There is a stone staircase leading up here.
A bat comes into view.
The bat hits you but does no damage. x2
The gnoll hits you with a +0 halberd.
The gnoll hits you from afar with a +0 spear.
There is a stone staircase leading up here.
The bat hits you but does no damage. You block the bat's attack.
The gnoll hits you with a +0 halberd! The gnoll barely misses you.
You climb upwards.
There is a stone staircase leading down here.
You hit the gnoll but do no damage. You hit the bat.
You kill the bat!
The gnoll closely misses you.
You hit the gnoll.
The gnoll is moderately wounded.
The gnoll hits you with a +0 halberd!
* * * LOW HITPOINT WARNING * * *
Unknown command.
You hit the gnoll.
The gnoll is heavily wounded.
The gnoll hits you with a +0 halberd.
* * * LOW HITPOINT WARNING * * *
The gnoll hits you with a +0 halberd!
You die...

#...≈≈≈≈≈≈≈≈ #...P≈P≈≈P≈P
#...≈≈P≈P≈P≈ #...P≈PP≈≈≈P
#...≈≈≈P≈≈≈≈ ##..≈PP≈....
##### ##.......... #.).#
#........... #@#.#
#..........# ########## ##g#.#
#..........# #........#
#..#.###...........
#........###.##...............
#........##..#...............#
#........##...................
#........##.#######......####.
#...........#####.............
#.#####.##............).......


You could see a gnoll.

Vanquished Creatures
  2 gnolls (D:1)
  An adder (D:2)
  3 dart slugs
  3 ball pythons
  4 endoplasms
  3 giant cockroaches
  4 goblins (D:1)
  6 hobgoblins
  7 jackals (D:1)
  A quokka (D:2)
  3 bats
  3 frilled lizards (D:1)
  5 kobolds
  2 rats (D:1)
47 creatures vanquished.

Vanquished Creatures (others)
  7 plants (D:1)
7 creatures vanquished.

Grand Total: 54 creatures vanquished

Notes
Turn   | Place    | Note
-------+----------+-------------------------------------------
     0 | D:1      | DearestLeader the Gnoll Fighter began the quest for the
                  | Orb.
     0 | D:1      | Reached XP level 1. HP: 23/23 MP: 1/1
   105 | D:1      | Reached XP level 2. HP: 29/29 MP: 2/2
   299 | D:1      | Reached XP level 3. HP: 35/35 MP: 3/3
   634 | D:1      | Reached skill level 1 in Invocations
  1161 | D:2      | Reached skill level 1 in Short Blades
  1161 | D:2      | Reached skill level 1 in Long Blades
  1161 | D:2      | Reached skill level 1 in Maces & Flails
  1161 | D:2      | Reached skill level 1 in Polearms
  1161 | D:2      | Reached skill level 1 in Staves
  1161 | D:2      | Reached skill level 1 in Slings
  1161 | D:2      | Reached skill level 1 in Bows
  1161 | D:2      | Reached skill level 1 in Crossbows
  1161 | D:2      | Reached skill level 1 in Throwing
  1161 | D:2      | Reached skill level 1 in Dodging
  1161 | D:2      | Reached skill level 1 in Stealth
  1161 | D:2      | Reached skill level 1 in Unarmed Combat
  1161 | D:2      | Reached skill level 1 in Spellcasting
  1161 | D:2      | Reached skill level 1 in Evocations
  1183 | D:2      | Reached XP level 4. HP: 35/41 MP: 5/5
  1588 | D:1      | Slain by a gnoll

Illustrated notes

Levels and vault maps discovered:
D:1:      giann_bridges, layout_rooms, serial_bayou, serial_bayou_ford_a,
          serial_bayou_lagoon_b, serial_bayou_lake_a, serial_bayou_shore_a,
          minmay_misc_feat_rows
D:2:      wander_river, layout_rooms, kennysheep_another_room, minmay_cupped

Skill      XL: |  1  2  3 |
---------------+----------+-----
Invocations    | 1 |  1.2
Short Blades   | 1 |  1.1
Long Blades    | 1 |  1.1
Maces & Flails | 1 |  1.1
Polearms       | 1 |  1.1
Staves         | 1 |  1.1
Slings         | 1 |  1.1
Bows           | 1 |  1.1
Crossbows      | 1 |  1.1
Throwing       | 1 |  1.1
Dodging        | 1 |  1.1
Stealth        | 1 |  1.1
Unarmed Combat | 1 |  1.1
Spellcasting   | 1 |  1.1
Evocations     | 1 |  1.1
Fighting       | |  6.6
Axes           | |  4.6
Armour         | |  6.6
Shields        | |  6.6
Conjurations   | |  0.9
Hexes          | |  0.9
Summonings     | |  0.9
Necromancy     | |  0.9
Translocations | |  0.9
Transmutations | |  0.9
Fire Magic     | |  0.9
Ice Magic      | |  0.9
Air Magic      | |  0.9
Earth Magic    | |  0.9
Poison Magic   | |  0.9

Action                   |  1- 3 |  4- 6 || total
-------------------------+-------+-------++-------
Melee: War axe           |    92 |    23 ||   115
       Bite              |     5 |     3 ||     8
Armor: Scale mail        |    58 |    12 ||    70
Dodge: Dodged            |    34 |     9 ||    43
Block: Buckler           |    32 |     3 ||    35
